 Dungeon Crawl Stone Soup version 0.31-a0-920-g28cbb04a8c (webtiles) character file.

Game seed: 1805278248629398003

112 croobank the Ducker (level 4, -1/41 HPs)
             Began as a Gnoll Monk on Oct 17, 2023.
             Slain by a kobold brigand
             ... wielding a +0 short sword
              (5 damage)
             ... on level 3 of the Dungeon.
             The game lasted 00:03:29 (1724 turns).

croobank the Ducker (Gnoll Monk)                    Turns: 1724, Time: 00:03:29

Health: -1/41      AC:  2    Str: 10    XL:     4   Next: 95%
Magic:  5/5        EV: 15    Int: 12    God:
Gold:   218        SH:  0    Dex: 14    Spells: 5/5 levels left

rFire   + . .        l - +3 whip "Tuevon" {freeze, rC++}
rCold   + + .        d - orb {light}
rNeg    . . .        b - +0 robe
rPois   .            f - melded +2 hat
rElec   .            (cloak currently unavailable)
rCorr   .            (gloves currently unavailable)
SInv    .            (boots currently unavailable)
Will    .....        (no amulet)
Stlth   +            t - ring of protection from fire
HPRegen 0.26/turn    (no ring)
MPRegen 0.09/turn

%: no passive effects
@: lethally poisoned (-1 -> -5), beast-form, slowed, glowing, very slow
A: beast (slay +0), fangs 1, strong nose, distributed training
a: Begin Untransformation


You were on level 3 of the Dungeon.
You were a hulking beast.
You visited 1 branch of the dungeon, and saw 3 of its levels.

You collected 218 gold pieces.

Inventory:

Hand Weapons
 a - a +0 short sword
 l - the +3 whip "Tuevon" (weapon) {freeze, rC++}
   (You found it on level 2 of the Dungeon)

   rC++:      It greatly protects you from cold.
 q - a +1 short sword of electrocution
Missiles
 v - 6 curare-tipped darts
Armour
 b - a +0 robe (worn)
 d - an orb of light (worn)
 f - a +2 hat (melded)
Jewellery
 h - a ring of ice
 t - a ring of protection from fire (left hand)
 u - a ring of ice
Talismans
 p - a beast talisman (active)
Scrolls
 g - 4 scrolls of identify
 i - 4 scrolls of teleportation {unknown}
 j - a scroll of noise {unknown}
 k - a scroll of enchant weapon {unknown}
 m - a scroll of fog {unknown}
 n - a scroll of enchant armour {unknown}
 r - a scroll of brand weapon {unknown}
Potions
 c - a potion of ambrosia
 e - a potion of magic
 o - 2 potions of curing {unknown}
 s - a potion of enlightenment {unknown}


   Skills:
 + Level 6.6 Fighting
 + Level 6.6 Short Blades
 + Level 1.3 Long Blades
 + Level 1.3 Axes
 + Level 1.3 Maces & Flails
 + Level 1.3 Polearms
 + Level 1.3 Staves
 + Level 1.3 Ranged Weapons
 + Level 1.3 Throwing
 + Level 1.3 Armour
 + Level 6.6 Dodging
 + Level 1.3 Stealth
 + Level 1.3 Shields
 + Level 1.3 Unarmed Combat
 + Level 1.3 Spellcasting
 + Level 1.0 Conjurations
 + Level 1.0 Hexes
 + Level 1.0 Summonings
 + Level 1.0 Necromancy
 + Level 1.0 Translocations
 + Level 1.0 Transmutations
 + Level 1.0 Fire Magic
 + Level 1.0 Ice Magic
 + Level 1.0 Air Magic
 + Level 1.0 Earth Magic
 + Level 1.0 Poison Magic
 + Level 1.4 Invocations
 + Level 1.3 Evocations
 + Level 1.2 Shapeshifting


You had 5 spell levels left.
You didn't know any spells.
Your spell library contained the following spells:

 Spells                   Type           Power      Damage    Failure   Level
 Summon Guardian Golem    Hex/Summ       3%         N/A       50%         3
 Orb of Destruction       Conj           1%         9d5       100%        7
 Spellforged Servitor     Conj/Summ      1%         N/A       100%        7


Dungeon Overview and Level Annotations

Branches:
Dungeon (3/15)

Altars:
Fedhas


Innate Abilities, Weirdness & Mutations

You are a hulking beast.
Your limbs bulge with bestial killing power. (Slay +0)
You have very sharp teeth.
Your uncanny sense of smell can sniff out nearby items.
Your experience applies equally to all skills.


Message History

u - a ring of ice You see here 6 curare-tipped darts.
v - 6 curare-tipped darts You now have 218 gold pieces (gained 10).
o - 2 green potions (gained 1)
A kobold brigand comes into view.
It is wielding a +0 short sword and quivering curare-tipped darts.
The kobold brigand shouts!
A kobold brigand is nearby!
The kobold brigand throws a curare-tipped dart.
The curare-tipped dart hits you.
You are poisoned.
You have difficulty breathing.
You feel yourself slow down.
You feel very sick.
The kobold brigand throws a curare-tipped dart.
The curare-tipped dart closely misses you.
You feel very sick.
You feel very sick.
You feel sick.
You start resting.
You feel sick. x2
The kobold brigand throws a curare-tipped dart.
The curare-tipped dart hits you.
You are more poisoned.
You have difficulty breathing.
You feel as though you will be slow longer.
* * * LOW HITPOINT WARNING * * *
You feel very sick. The kobold brigand barely misses you.
You completely miss the kobold brigand.
* * * LOW HITPOINT WARNING * * *
You feel very sick.
The kobold brigand hits you with a +0 short sword.
* * * LOW HITPOINT WARNING * * *
The kobold brigand barely misses you.
As you read the scroll labelled FAPECK GEUSK, it crumbles to dust.
It is a scroll of identify.
e - a potion of magic
* * * LOW HITPOINT WARNING * * *
You feel sick.
The kobold brigand hits you with a +0 short sword.
You die...

....#### #..........# ....<..###
#........######
.....#...###..<..K..#.....
...........^...)......# ##
.....######...........### .
.......# ###..#...##...#####
.......# #....#.##........
.......## ###.K##......### .
........####....h...#....(# ..
####.##......#....####....#####..
###.######..#.....# ##......###.
#...### ##.#.##..# #...##...##
#.#...## ##.......#####..)......
#......###....##....###.###.....
#..P.P.##..#.###.##.....# ##.###
#..._..#..##.#...##.....## #.# #
#..P.P...###.......).....# #.# #


You could see a kobold brigand.

Vanquished Creatures
  3 gnolls (D:3)
  2 adders
  A worm (D:3)
  2 dart slugs
  An orc (D:2)
  4 ball pythons
  10 endoplasms
  4 goblins
  A hobgoblin (D:2)
  3 jackals (D:2)
  5 quokkas
  7 bats
  3 frilled lizards
  4 kobolds
  5 rats
55 creatures vanquished.

Vanquished Creatures (others)
  A ball python (D:1)
1 creature vanquished.

Grand Total: 56 creatures vanquished

Notes
Turn   | Place    | Note
-------+----------+-------------------------------------------
     0 | D:1      | croobank the Gnoll Monk began the quest for the Orb.
     0 | D:1      | Reached XP level 1. HP: 23/23 MP: 1/1
   124 | D:1      | Reached XP level 2. HP: 25/29 MP: 2/2
   631 | D:2      | Identified the +3 whip "Tuevon" {freeze, rC++}
   650 | D:2      | Reached XP level 3. HP: 31/35 MP: 3/3
   782 | D:2      | Reached skill level 1 in Invocations
   795 | D:2      | Reached skill level 1 in Long Blades
   795 | D:2      | Reached skill level 1 in Axes
   795 | D:2      | Reached skill level 1 in Maces & Flails
   795 | D:2      | Reached skill level 1 in Polearms
   795 | D:2      | Reached skill level 1 in Staves
   795 | D:2      | Reached skill level 1 in Ranged Weapons
   795 | D:2      | Reached skill level 1 in Throwing
   795 | D:2      | Reached skill level 1 in Armour
   795 | D:2      | Reached skill level 1 in Stealth
   795 | D:2      | Reached skill level 1 in Shields
   795 | D:2      | Reached skill level 1 in Unarmed Combat
   795 | D:2      | Reached skill level 1 in Spellcasting
   795 | D:2      | Reached skill level 1 in Evocations
  1238 | D:3      | Reached XP level 4. HP: 41/41 MP: 5/5
  1243 | D:3      | Reached skill level 1 in Shapeshifting
  1288 | D:3      | Reached skill level 1 in Conjurations
  1288 | D:3      | Reached skill level 1 in Hexes
  1288 | D:3      | Reached skill level 1 in Summonings
  1288 | D:3      | Reached skill level 1 in Necromancy
  1288 | D:3      | Reached skill level 1 in Translocations
  1288 | D:3      | Reached skill level 1 in Transmutations
  1288 | D:3      | Reached skill level 1 in Fire Magic
  1288 | D:3      | Reached skill level 1 in Ice Magic
  1288 | D:3      | Reached skill level 1 in Air Magic
  1288 | D:3      | Reached skill level 1 in Earth Magic
  1288 | D:3      | Reached skill level 1 in Poison Magic
  1603 | D:3      | Found a blossoming altar of Fedhas.
  1714 | D:3      | Noticed a kobold brigand
  1724 | D:3      | Slain by a kobold brigand

Illustrated notes

Levels and vault maps discovered:
D:1:      dpeg_arrival_rooms_with_view, layout_rooms
D:2:      minmay_spotlight, layout_basic
D:3:      layout_rooms, fedhas_altar_1, minmay_gold_behind_fungi,
          chequers_serial_rivers_micro_b, kennysheep_big_empty_room

Skill      XL: |  1  2  3  4 |
---------------+-------------+-----
Invocations    | 1 |  1.4
Long Blades    | 1 |  1.3
Axes           | 1 |  1.3
Maces & Flails | 1 |  1.3
Polearms       | 1 |  1.3
Staves         | 1 |  1.3
Ranged Weapons | 1 |  1.3
Throwing       | 1 |  1.3
Armour         | 1 |  1.3
Stealth        | 1 |  1.3
Shields        | 1 |  1.3
Unarmed Combat | 1 |  1.3
Spellcasting   | 1 |  1.3
Evocations     | 1 |  1.3
Shapeshifting  | 1 |  1.2
Conjurations   | 1 |  1.0
Hexes          | 1 |  1.0
Summonings     | 1 |  1.0
Necromancy     | 1 |  1.0
Translocations | 1 |  1.0
Transmutations | 1 |  1.0
Fire Magic     | 1 |  1.0
Ice Magic      | 1 |  1.0
Air Magic      | 1 |  1.0
Earth Magic    | 1 |  1.0
Poison Magic   | 1 |  1.0
Fighting       | |  6.6
Short Blades   | |  6.6
Dodging        | |  6.6

Action                     |  1- 3 |  4- 6 || total
---------------------------+-------+-------++-------
  Melee: Short sword       |    50 |       ||    50
         Bite              |    10 |     5 ||    15
         Whip              |    42 |    36 ||    78
    Use: Scroll            |       |     1 ||     1
   Stab: Sleeping          |     1 |       ||     1
 Armour: Robe              |    35 |    19 ||    54
  Dodge: Dodged            |    46 |    26 ||    72
   Form: Beast             |     1 |       ||     1

Table legend: (Time is in decaauts)
 A = Elapsed time spent in this place.
 B = Non-inter-level travel time spent in this place.
 C = Inter-level travel time spent in this place.
 D = Time resting spent in this place.
 E = Time spent auto-exploring this place.
 F = Levels seen in this place.
 G = Mean time per level.
                   A        B        C        D        E       F      G
               +--------+--------+--------+--------+--------+-----+--------+
         Total |   1715 |   1668 |     47 |     99 |   1192 |   3 |  571.7 |
       Dungeon |   1715 |   1668 |     47 |     99 |   1192 |   3 |  571.7 |
               +--------+--------+--------+--------+--------+-----+--------+

Top non-repeatable levels by time:
     D:2: 618 daAuts
     D:1: 603 daAuts
     D:3: 494 daAuts
